 Dungeon Crawl Stone Soup version 0.18.1-48-g4cf74bf (webtiles) character file.

875 Peloso the Covered (level 7, -5/62 HPs)
             Began as a Minotaur Fighter on July 1, 2016.
             Slain by Pikel
             ... wielding a +0 whip of electrocution
              (15 damage)
             ... on level 5 of the Dungeon.
             The game lasted 00:11:39 (4052 turns).

Peloso the Covered (Minotaur Fighter)               Turns: 4052, Time: 00:11:40

Health: -5/62      AC: 13    Str: 21    XL:     7   Next: 74%
Magic:  6/6        EV:  5    Int:  5    God:
Gold:   214        SH: 10    Dex: 11    Spells: 0 memorised, 6 levels left

rFire  . . .     SeeInvis .     a - +0 long sword
rCold  + . .     Gourm    .     v - +0 plate armour
rNeg   . . .     Faith    .     c - +0 shield
rPois  .         Spirit   .     (helmet restricted)
rElec  .         Dismiss  .     (no cloak)
rCorr  .         Reflect  .     (no gloves)
SustAt .         Harm     .     (no boots)
MR     .....                    (no amulet)
Stlth  ..........               r - ring of protection from cold
                                d - ring of flight

@: not resistant to hostile enchantments, extremely unstealthy
A: retaliatory headbutt, horns 2
a: Evoke Flight


You were on level 5 of the Dungeon.
You were hungry.

You visited 1 branch of the dungeon, and saw 5 of its levels.
You also visited: Sewer.

You collected 214 gold pieces.

Inventory:

Hand Weapons
 a - a +0 long sword (weapon)
 x - a cursed +0 morningstar
 z - a cursed -2 spear
Armour
 b - a +0 scale mail
 c - a +0 shield (worn)
 v - a +0 plate armour (worn)
Jewellery
 d - a ring of flight (left hand)
 i - a +2 ring of dexterity
 r - a ring of protection from cold (right hand)
 u - an uncursed ring of fire
Wands
 w - a wand of iceblast (4/15)
 y - a wand of flame (42/48)
Scrolls
 g - a scroll of enchant armour {unknown}
 j - 2 scrolls of noise {unknown}
 k - 2 scrolls of amnesia {unknown}
 l - 2 scrolls of identify
 m - 2 scrolls of remove curse
 o - a scroll of magic mapping {unknown}
 s - 6 scrolls of teleportation
Potions
 e - a potion of magic
 h - 2 potions of brilliance
 n - a potion of cancellation
 p - a potion of curing {unknown}
 q - 2 potions of agility {unknown}
 t - 5 potions of flight
Comestibles
 f - 2 bread rations


   Skills:
 + Level 5.9 Fighting
 + Level 5.1 Long Blades
 + Level 6.7 Armour
 + Level 2.1 Dodging
 + Level 1.3 Stealth
 + Level 6.0 Shields


You had 6 spell levels left.
You didn't know any spells.

Dungeon Overview and Level Annotations

Branches:
Dungeon (5/15)
 Temple: D:4-7

Altars:
Cheibriados
Elyvilon
Gozag
Pakellas
The Shining One

Annotations:
D:5 Pikel


Innate Abilities, Weirdness & Mutations

You reflexively headbutt those who attack you in melee.
You have a pair of horns on your head.


Message History

Pikel barely misses you.
You hit Pikel but do no damage. Your headbutt misses Pikel.
Pikel is lightly wounded.
The jackal bites you but does no damage.
The slave hits you but does no damage. x2; You block Pikel's attack.
You block the jackal's attack.
Unknown command.
You slash Pikel!
Pikel is moderately wounded.
You block the slave's attack. The slave hits you but does no damage.
The jackal bites you but does no damage.
Pikel hits you but does no damage.
You are electrocuted!
* * * LOW HITPOINT WARNING * * *
The slave hits you.
* * * LOW HITPOINT WARNING * * *
You hit Pikel. Your headbutt misses Pikel.
Pikel is heavily wounded.
You block the jackal's attack. The slave hits you but does no damage.
Pikel hits you but does no damage.
You are electrocuted!
You die...

#.#...........####....>..
.........................
...........#.............
.......$.................
|........................
##.......................
#..............p.........
#.....[.ph[##............
#......†@K.##............
#........p.##...p...S....
#....###.#.##....o.......
#..(. #...#...).........
#... ..................
#.. ...................
#.. ...###.... #.#. .#.#
.... ....


You could see Pikel, 2 slaves and a jackal.

Vanquished Creatures
  Purgy (D:4)
  2 slaves (D:4)
  2 phantoms (D:4)
  An ogre (D:4)
  Blork the orc (D:4)
  A scorpion (D:4)
  An orc wizard (D:4)
  A giant frog skeleton (D:4)
  Ijyb (D:3)
  2 worker ants
  A merfolk avatar (Sewer)
  A siren (Sewer)
  3 gnolls
  6 adders
  3 river rats (Sewer)
  An ooze (D:4)
  An adder skeleton (D:4)
  2 worms (D:3)
  2 dart slugs
  6 giant geckos
  13 orcs
  5 giant cockroaches
  7 goblins
  7 hobgoblins
  3 jackals (D:5)
  2 quokkas
  8 ball pythons
  2 bats
  A giant gecko skeleton (D:5)
  5 giant newts
  4 kobolds
  2 quokka skeletons
  22 rats
120 creatures vanquished.

Notes
Turn   | Place    | Note
--------------------------------------------------------------
     0 | D:1      | Peloso the Minotaur Fighter began the quest for the Orb.
     0 | D:1      | Reached XP level 1. HP: 19/19 MP: 0/0
   102 | D:1      | Reached XP level 2. HP: 23/27 MP: 1/1
   898 | D:2      | Reached XP level 3. HP: 33/33 MP: 2/2
  1543 | D:3      | Reached XP level 4. HP: 41/41 MP: 3/3
  1706 | D:3      | Found an oddly glowing altar of Pakellas.
  1707 | D:3      | Noticed Ijyb
  1714 | D:3      | Killed Ijyb
  1714 | D:3      | Reached skill level 1 in Dodging
  1717 | D:3      | Found a faded altar to an unknown god.
  1883 | D:3      | Found a snail-covered altar of Cheibriados.
  2194 | D:4      | Reached XP level 5. HP: 29/47 MP: 4/4
  2252 | D:4      | Noticed a phantom
  2264 | D:4      | Killed a phantom
  2264 | D:4      | Reached skill level 5 in Armour
  2264 | D:4      | Reached skill level 1 in Stealth
  2366 | D:4      | Noticed Purgy
  2378 | D:4      | Killed Purgy
  2378 | D:4      | Reached XP level 6. HP: 39/55 MP: 5/5
  2425 | D:4      | Found a glowing drain.
  2433 | Sewer    | Entered a sewer
  2621 | Sewer    | Reached skill level 5 in Fighting
  3024 | D:4      | Found a white marble altar of Elyvilon.
  3031 | D:4      | Found an opulent altar of Gozag.
  3201 | D:4      | Reached skill level 5 in Shields
  3201 | D:4      | Reached XP level 7. HP: 53/61 MP: 6/6
  3261 | D:4      | Noticed Blork the orc
  3272 | D:4      | Killed Blork the orc
  3321 | D:4      | Found a glowing golden altar of the Shining One.
  3470 | D:5      | Entered Level 5 of the Dungeon
  3497 | D:4      | Reached skill level 5 in Long Blades
  3608 | D:5      | Noticed Pikel
  3656 | D:4      | HP: 1/61 [phantom (4)]
  3732 | D:4      | HP: 3/61 [phantom (4)]
  4052 | D:5      | Slain by Pikel

Skill      XL: |  1  2  3  4  5  6  7 |
---------------+----------------------+-----
Fighting       | 4 5 |  5.9
Long Blades    | 3 4 5 |  5.1
Armour         | 4 5 6 |  6.7
Shields        | 4 5 6 |  6.0
Dodging        | 1 2 |  2.1
Stealth        | 1 |  1.3

Action                   |  1- 3 |  4- 6 |  7- 9 || total
-------------------------+-------+-------+-------++-------
Melee: Long sword        |    86 |   148 |   123 ||   357
       Headbutt          |     8 |    27 |    25 ||    60
  Use: Scroll            |       |     8 |       ||     8
       Potion            |       |     2 |       ||     2
  Eat: Chunk             |     2 |     5 |     3 ||    10
Armor: Scale mail        |    32 |    15 |       ||    47
       Plate armour      |       |    65 |   108 ||   173
Dodge: Dodged            |    22 |    44 |    45 ||   111
Block: Shield            |    35 |    77 |    99 ||   211
